 Dungeon Crawl Stone Soup version 0.28-a0-245-g639a1a48b9 (webtiles) character file.

Game seed: 2972116760544172713

20 lessens the Sneak (level 2, 0/24 HPs)
             Began as a Barachi Delver on Aug 24, 2021.
             Slain by a goblin (2 damage)
             ... led by Robin
             ... on level 3 of the Dungeon.
             The game lasted 00:01:06 (454 turns).

lessens the Sneak (Barachi Delver)                   Turns: 454, Time: 00:01:06

Health: 0/24       AC:  3    Str: 13    XL:     2   Next: 79%
Magic:  2/2        EV: 12    Int: 10    God:
Gold:   0          SH:  0    Dex: 13    Spells: 1/1 levels left

rFire   . . .      SeeInvis .   a - +0 falchion
rCold   . . .      Faith    .   (no shield)
rNeg    . . .      Spirit   .   b - +0 leather armour
rPois   .          Reflect  .   (no helmet)
rElec   .          Harm     .   (no cloak)
rCorr   .          Rampage  .   (no gloves)
Will    .....                   (no boots)
Stlth   ++........              (no amulet)
HPRegen 0.08/turn               (no ring)
MPRegen 0.08/turn               (no ring)

@: attractive, slow
A: amphibious, slowness 1, strong legs 1, +LOS
a: Hop


You were on level 3 of the Dungeon.
You visited 1 branch of the dungeon, and saw 3 of its levels.

Inventory:

Hand Weapons
 a - a +0 falchion (weapon)
Armour
 b - a +0 leather armour (worn)
Wands
 g - a wand of digging (3)
Scrolls
 c - a scroll of fog
 d - a scroll of magic mapping


   Skills:
 - Level 3.6 Fighting
 + Level 4.0 Long Blades
 - Level 2.1 Dodging
 - Level 4.5 Stealth


You had one spell level left.
You didn't know any spells.
Your spell library was empty.

Dungeon Overview and Level Annotations

Branches:
Dungeon (5/15)
 Temple: D:4-7

Altars:

Annotations:
D:3 Robin
D:5 1 runed translucent door, rabbitsville's ghost, novice MiFi


Innate Abilities, Weirdness & Mutations

You are amphibious.
You cover ground slowly.
You can hop short distances.
You have an extended range of vision and can be seen from far away.


Message History

The hobgoblin is lightly wounded.
A goblin comes into view. It is wielding a +0 dagger.
Robin throws the goblin at you! The hobgoblin hits you.
The goblin hits you with a +0 dagger.
You hit the hobgoblin but do no damage.
The hobgoblin is lightly wounded.
A hobgoblin comes into view.
The hobgoblin hits you. The goblin hits you but does no damage.
You closely miss the goblin. The hobgoblin hits you.
A goblin comes into view. It is wielding a +0 dagger.
The goblin barely misses you.
It was a potion of attraction.
You feel attractive to monsters. The hobgoblin barely misses you.
The goblin hits you with a +0 dagger.
* * * LOW HITPOINT WARNING * * *
As you read the scroll of fear, it crumbles to dust.
You assume a fearsome visage.
Robin looks frightened!
The goblin looks frightened!
The goblin shouts!
The hobgoblin looks frightened! x2; The goblin looks frightened!
The goblin is attracted toward you.
You hit the goblin.
Your attack snaps the goblin out of its fear.
The goblin is moderately wounded.
Robin attempts to regain their composure.
Cornered, Robin turns to fight!
Cornered, the hobgoblin turns to fight! x2
The goblin closely misses you.
Cornered, the goblin turns to fight!
You hit the goblin.
The goblin is heavily wounded.
The hobgoblin hits you.
* * * LOW HITPOINT WARNING * * *
The goblin hits you with a +0 dagger.
* * * LOW HITPOINT WARNING * * *
You barely miss the goblin.
The goblin is heavily wounded.
The hobgoblin completely misses you.
You riposte.
You barely miss the hobgoblin.
The hobgoblin is lightly wounded.
The goblin hits you with a +0 dagger.
You die...

################
.......)gg.g.gg#
##############g#
#g# #@# #g# .
#.# #. #.# #.#
#.### #.. #...#
#..#########
###.#
#..#......# #.#
.##..#.####.#
#.#


You could see Robin, 2 hobgoblins and 2 goblins.

Vanquished Creatures
  A hound skeleton (D:5)
  A hobgoblin (D:3)
  A quokka (D:5)
  4 goblins (D:3)
7 creatures vanquished.

Notes
Turn   | Place    | Note
-------+----------+-------------------------------------------
     0 | D:5      | lessens the Barachi Delver began the quest for the Orb.
     0 | D:5      | Reached XP level 1. HP: 18/18 MP: 1/1
    18 | D:5      | Reached XP level 2. HP: 21/24 MP: 2/2
    98 | D:5      | Noticed a wight
    98 | D:5      | Noticed a wight
    98 | D:5      | Noticed a wight
   106 | D:5      | Noticed a wight
   107 | D:5      | Noticed a wight
   111 | D:5      | Found a runed translucent door.
   111 | D:5      | Noticed rabbitsville's ghost (novice MiFi)
   429 | D:3      | Noticed Robin
   454 | D:3      | Slain by a goblin

Illustrated notes

Levels and vault maps discovered:
D:3:      layout_basic, elyvilon_altar_1,
          nicolae_gozag_cash_rules_everything_around_me,
          chequers_serial_rivers_micro_e, goddamned_bats, uniq_robin,
          uniq_terence, uniq_jessica, uniq_natasha
D:4:      layout_cave_pools, amcnicky_altar_gilded,
          mainiacjoe_overflow_boulevard, minmay_temple_entry_overgrown,
          hangedman_abyss_or_decor_stabs, minmay_box_of_dots
D:5:      layout_cave_pools, general_overflow_altar, serial_park,
          serial_park_fountain, serial_park_tiny_2, serial_park_square1
          [serial_park_minivault_5x5_2], serial_park_tiny_2,
          gammafunk_ghost_grave, hangedman_glass_teeth,
          eino_small_chamber_without_monster, st_stairs_3, minivault_4,
          skrybe_limestone_x

Skill      XL: |  1  2 |
---------------+-------+-----
Long Blades    | 3 4 |  4.0
Fighting       | |  3.6
Dodging        | |  2.1
Stealth        | |  4.5

Action                   || total
-------------------------++-------
Melee: Falchion          ||    30
  Use: Potion            ||     2
       Scroll            ||     1
Armor: Leather armour    ||    12
Dodge: Dodged            ||    28
       Rpst.: Falchion   ||     8

Table legend: (Time is in decaauts)
 A = Elapsed time spent in this place.
 B = Non-inter-level travel time spent in this place.
 C = Inter-level travel time spent in this place.
 D = Time resting spent in this place.
 E = Time spent auto-exploring this place.
 F = Levels seen in this place.
 G = Mean time per level.
                   A        B        C        D        E       F      G
               +--------+--------+--------+--------+--------+-----+--------+
         Total |    469 |    469 |      0 |    256 |      0 |   3 |  156.3 |
       Dungeon |    469 |    469 |      0 |    256 |      0 |   3 |  156.3 |
               +--------+--------+--------+--------+--------+-----+--------+

Top non-repeatable levels by time:
     D:3: 318 daAuts
     D:5: 130 daAuts
     D:4: 20 daAuts
